 Dungeon Crawl Stone Soup version 0.18-a0-1160-geb89fc2 (webtiles) character file.

65 st0uf the Shooter (level 3, -2/29 HPs)
             Began as a Centaur Hunter on Jan 24, 2016.
             Slain by Grinder (8 damage)
             ... on level 3 of the Dungeon.
             The game lasted 00:06:24 (1756 turns).

st0uf the Shooter (Centaur Hunter)                  Turns: 1756, Time: 00:06:24

Health: -2/29      AC:  4    Str: 15    XL:     3   Next: 92%
Magic:  12/12      EV:  9    Int: 10    God:
Gold:   31         SH:  0    Dex:  9    Spells: 0 memorised, 2 levels left

rFire  . . .     SeeInvis .     b - +0 short sword
rCold  . . .     Gourm    .     c - +0 leather armour
rNeg   . . .     Faith    .     (no shield)
rPois  .         Spirit   .     (no helmet)
rElec  .         Dismiss  .     (no cloak)
rCorr  .         Reflect  .     (no gloves)
SustAt .         Harm     .     (no barding)
MR     .....                    (no amulet)
Stlth  +.........               (no ring)
                                l - ring of magical power

@: very quick, not resistant to hostile enchantments, very unstealthy
A: hooves 3, deformed body, speed 2, tough skin 3
a: no special abilities


You were on level 3 of the Dungeon.
You were not hungry.

You visited 1 branch of the dungeon, and saw 3 of its levels.

You collected 31 gold pieces.

Inventory:

Hand Weapons
 a - a +1 shortbow
 b - a +0 short sword (weapon)
Missiles
 d - 8 arrows
Armour
 c - a +0 leather armour (worn)
Jewellery
 l - a ring of magical power (left hand)
Wands
 j - a wand of magic darts (12/48)
Scrolls
 e - 2 scrolls of remove curse {unknown}
 h - a scroll of recharging {unknown}
 i - a scroll of identify {unknown}
 k - a scroll of blinking {unknown}
 m - a scroll of fear {unknown}
 o - a scroll of teleportation {unknown}
Potions
 n - a potion of poison {unknown}
 q - a potion of agility {unknown}
Comestibles
 f - 2 bread rations
 g - a royal jelly
 p - a slice of pizza
 r - a chunk of flesh


   Skills:
 + Level 2.2 Fighting
 + Level 6.4 Bows
 + Level 0.8 Armour
 + Level 2.0 Dodging
 - Level 0.5 Stealth


You had 2 spell levels left.
You didn't know any spells.

Dungeon Overview and Level Annotations

Branches:
Dungeon (3/15)

Altars:
Kikubaaqudgha
Ru
Xom

Annotations:
D:3 Grinder


Innate Abilities, Weirdness & Mutations

You have hooves in place of feet.
Armour fits poorly on your strangely shaped body.
You cover ground very quickly.
You have extremely tough skin (AC +3).


Message History

You hit Grinder but do no damage. You kick Grinder, but do no damage.
Grinder is severely wounded.
Grinder gestures.
Grinder blinks!
You barely miss Grinder.
Grinder is severely wounded.
Grinder hits you but does no damage.
You closely miss Grinder. You kick Grinder.
Grinder is almost dead.
Grinder hits you!
* * * LOW HITPOINT WARNING * * *
You writhe in agony.
* * * LOW HITPOINT WARNING * * *
You hit Grinder.
Grinder is almost dead.
Grinder hits you but does no damage.
You hit Grinder. You kick Grinder, but do no damage.
Grinder is almost dead.
Grinder hits you!
You die...

.(.
#(#
#(#
#(#
#(#
#.#
#.#
#@###
#.5.#
###.#
#.#
#<#
#)#
#.#
#.#
#.#


You could see Grinder.

Vanquished Creatures
  Jessica (D:2)
  A worm (D:2)
  A giant gecko (D:2)
  3 giant cockroaches
  4 goblins
  8 hobgoblins
  3 jackals (D:2)
  6 bats
  A giant newt (D:1)
  A kobold (D:2)
  3 rats
32 creatures vanquished.

Notes
Turn   | Place    | Note
--------------------------------------------------------------
     0 | D:1      | st0uf the Centaur Hunter began the quest for the Orb.
     0 | D:1      | Reached XP level 1. HP: 17/17 MP: 1/1
   150 | D:1      | Found a shimmering altar of Xom.
   176 | D:1      | Reached XP level 2. HP: 21/24 MP: 2/2
   414 | D:1      | You fall through a shaft!
   671 | D:2      | Found a faded altar to an unknown god.
   676 | D:2      | Reached skill level 6 in Bows
   915 | D:2      | Reached XP level 3. HP: 27/29 MP: 3/3
  1053 | D:2      | Found an ancient bone altar of Kikubaaqudgha.
  1076 | D:2      | Noticed Jessica
  1088 | D:2      | Killed Jessica
  1601 | D:2      | Became a worshipper of Ru the Awakened
  1601 | D:2      | Fell from the grace of Ru
  1736 | D:3      | Noticed Grinder
  1756 | D:3      | Slain by Grinder

Vault maps used:
D:1:      dpeg_arrival_simpleton_b, xom_teletrap_fun
D:2:      kiku_gazebo_garden_becter, ecumenical_altar_2, first_bread,
          uniq_jessica
D:3:      uniq_grinder

Action                   || total
-------------------------++-------
Melee: Short sword       ||   119
 Fire: Shortbow          ||    19
Invok: Renounce Religion ||     1
  Eat: Chunk             ||     2
